 Dungeon Crawl Stone Soup version 0.28-a0-1143-gcf6077d4cc (webtiles) character file.

Game seed: 9753492161813156252

112 leviel the Chopper (level 4, -3/41 HPs)
             Began as a Hill Orc Fighter on Dec 13, 2021.
             Killed by divine providence
             ... invoked by an orc priest
              (8 damage)
             ... on level 3 of the Dungeon.
             The game lasted 00:01:54 (2114 turns).

leviel the Chopper (Hill Orc Fighter)               Turns: 2114, Time: 00:01:55

Health: -3/41      AC:  7    Str: 20    XL:     4   Next: 95%
Magic:  4/4        EV:  9    Int:  8    God:
Gold:   35         SH:  4    Dex: 10    Spells: 3/3 levels left

rFire   . . .      SeeInvis .   a - +0 war axe
rCold   . . .      Faith    .   c - +0 buckler
rNeg    . . .      Spirit   .   b - +0 scale mail
rPois   .          Reflect  .   (no helmet)
rElec   .          Harm     .   (no cloak)
rCorr   .          Rampage  .   (no gloves)
Will    .....                   (no boots)
Stlth   ..........              (no amulet)
HPRegen 0.13/turn               (no ring)
MPRegen 0.09/turn               (no ring)

@: no status effects
A: no striking features
a: Convert to Beogh


You were on level 3 of the Dungeon.
You visited 1 branch of the dungeon, and saw 3 of its levels.

You collected 35 gold pieces.

Inventory:

Hand Weapons
 a - a +0 war axe (weapon)
Missiles
 n - 3 curare-tipped darts (quivered)
Armour
 b - a +0 scale mail (worn)
 c - a +0 buckler (worn)
Jewellery
 l - a ring of protection from fire
Wands
 i - a wand of polymorph (6)
Scrolls
 e - 2 scrolls of identify {unknown}
 f - a scroll of blinking {unknown}
 g - a scroll of acquirement {unknown}
 j - a scroll of enchant armour {unknown}
 m - 3 scrolls of amnesia {unknown}
 p - a scroll of teleportation {unknown}
Potions
 d - a potion of might
 h - a potion of magic {unknown}
 k - a potion of curing {unknown}
 o - 3 potions of heal wounds {unknown}


   Skills:
 + Level 4.4 Fighting
 * Level 4.5 Axes
 + Level 4.0 Armour
 - Level 4.0 Shields


You had 3 spell levels left.
You didn't know any spells.
Your spell library contained the following spells:

 Spells                   Type           Power      Damage    Failure   Level
 Blade Hands              Tmut           0%         N/A       100%        5
 Lee's Rapid Deconstruct  Erth           0%         3d5*      100%        5
 Lehudib's Crystal Spear  Conj/Erth      0%         10d2      100%        8


Dungeon Overview and Level Annotations

Branches:
Dungeon (3/15)

Altars:


Message History

You closely miss something. You slash the orc!
You kill the orc!
You hit the orc wizard. Something hits you but does no damage.
The orc wizard casts a spell at you.
The magic dart hits you but does no damage.
Something hits you but does no damage.
You hit something but do no damage. You slash the orc wizard!
You kill the orc wizard!
Training target 4.0 for Shields reached!
Your Armour skill increases to level 4!
Your Shields skill increases to level 4!
Something hits you but does no damage.
You hit the orc priest.
The orc priest is moderately wounded.
You miss something. Something hits you but does no damage.
The orc priest hits you with a +0 club.
You barely miss the orc priest.
The orc priest is moderately wounded.
You hit something but do no damage.
You hear some strange, mumbled words.
A magic dart appears from out of thin air!
The magic dart hits you.
The orc priest invokes the aid of Beogh against you.
Beogh smites you!
You slash the orc priest!
The orc priest is almost dead.
You hit something but do no damage. You slash the orc!
You kill the orc!
Something hits you but does no damage. The orc priest closely misses you.
You hear some strange, mumbled words.
A magic dart appears from out of thin air!
The magic dart hits you.
* * * LOW HITPOINT WARNING * * *
You closely miss the orc priest.
The orc priest is almost dead.
You hit something. The orc priest closely misses you. Something hits you.
* * * LOW HITPOINT WARNING * * *
The orc priest mumbles some strange prayers to Beogh against you.
Beogh smites you!
You die...

.# #. #. #.# #. #. #.# #.#
#. #.###.# #.# ###.
..##.##### #.# #...
.........# #.### #.#.
#.##.# #.####...# #.##
#.##.###.{))..#.###### ♣.♣
#>##......@o.........#♣♣.♣♣
#....#########..####.......
#.#.###..o.o..o.# ###♣♣.♣♣
#.#.##..........# ♣.♣ #.#
#.#.#$..........# #.##
#.###...#⌠o.........# #...
#.##..#.#$..o.......# ##+##
#.##....# .o......##
###≈§§# #.##..#.##
........# #.'≈§§+


You could see an orc priest.

Vanquished Creatures
  An orc wizard (D:3)
  3 adders (D:2)
  A dart slug (D:1)
  3 orcs (D:3)
  2 bats (D:2)
  5 endoplasms
  4 giant cockroaches
  4 goblins
  5 hobgoblins
  10 jackals
  3 quokkas
  A ball python (D:2)
  3 frilled lizards
  A kobold (D:1)
  2 rats
48 creatures vanquished.

Vanquished Creatures (others)
  3 plants (D:2)
3 creatures vanquished.

Grand Total: 51 creatures vanquished

Notes
Turn   | Place    | Note
-------+----------+-------------------------------------------
     0 | D:1      | leviel the Hill Orc Fighter began the quest for the Orb.
     0 | D:1      | Reached XP level 1. HP: 19/19 MP: 1/1
   147 | D:1      | Reached XP level 2. HP: 24/27 MP: 2/2
   450 | D:1      | Reached XP level 3. HP: 20/33 MP: 3/3
   592 | D:1      | You fall into a shaft and drop 1 floor!
  1126 | D:2      | Got the Compendium of Earthen Transmutation
  1364 | D:2      | Reached XP level 4. HP: 34/40 MP: 4/4
  2114 | D:3      | Killed from afar by an orc priest

Illustrated notes

Levels and vault maps discovered:
D:1:      lightli_arrival_lavapool, layout_rooms, serial_forest,
          infiniplex_forest_lined_2, infiniplex_forest_pool,
          infiniplex_forest_fountain, infiniplex_forest_straight_2,
          infiniplex_forest_end_3, nicolae_concentric_dashed_squares_wild
D:2:      layout_loops_ring, kennysheep_nondescript, serial_bayou_pond_a
D:3:      cheibrodos_pilgrimage, layout_loops_ring, dk_noncrumbling_4,
          dk_vineyard_3, minmay_liquid_box, st_stairs_12,
          minmay_tree_intersection

Skill      XL: |  1  2  3  4 |
---------------+-------------+-----
Axes           | 3 4 |  4.5
Fighting       | 4 |  4.4
Armour         | 4 |  4.0
Shields        | 4 |  4.0

Action                   |  1- 3 |  4- 6 || total
-------------------------+-------+-------++-------
Melee: War axe           |    85 |    52 ||   137
Armor: Scale mail        |    48 |    26 ||    74
Dodge: Dodged            |    42 |    29 ||    71
Block: Buckler           |    25 |     7 ||    32

Table legend: (Time is in decaauts)
 A = Elapsed time spent in this place.
 B = Non-inter-level travel time spent in this place.
 C = Inter-level travel time spent in this place.
 D = Time resting spent in this place.
 E = Time spent auto-exploring this place.
 F = Levels seen in this place.
 G = Mean time per level.
                   A        B        C        D        E       F      G
               +--------+--------+--------+--------+--------+-----+--------+
         Total |   2157 |   2129 |     28 |      0 |   1789 |   3 |  719.0 |
       Dungeon |   2157 |   2129 |     28 |      0 |   1789 |   3 |  719.0 |
               +--------+--------+--------+--------+--------+-----+--------+

Top non-repeatable levels by time:
     D:2: 1072 daAuts
     D:1: 610 daAuts
     D:3: 474 daAuts
